 Dungeon Sprint DCSS version 0.26-a0-958-gf3041fb45f (webtiles) character file.

Game seed: 4659344914153846212

143378 iamoutofideas the Archmage (level 15, -13/74 HPs)
             Began as a Deep Elf Fire Elementalist on Dec 1, 2020.
             Was the Champion of Vehumet.
             Killed from afar by Mara (41 damage)
             ... with a bolt of fire
             ... in the Dungeon (Sprint III: "The Ten Rune Challenge").
             The game lasted 00:42:25 (9730 turns).

iamoutofideas the Archmage (DEFE)                   Turns: 9730, Time: 00:42:25

Health: -13/74     AC:  9    Str:  5    XL:     15   Next: 74%
Magic:  18/48      EV: 10    Int: 34    God:    Vehumet [******]
Gold:   866        SH:  6    Dex: 13    Spells: 3/68 levels left

rFire    . . .     SeeInvis +   J - staff of poison
rCold    + + +     Faith    .   Q - +1 buckler of Fallacy {+Fly Int+5 Stlth+}
rNeg     . . .     Spirit   .   B - +1 ring mail "Ones" {rElec} (curse)
rPois    +         Reflect  .   R - +1 helmet {SInv}
rElec    +         Harm     .   (no cloak)
rCorr    +         Rampage  .   I - +0 pair of gloves
MR       +....     NoTele   +   (no boots)
Stlth    +++.......             x - amulet of Cucziy {RegenMP *Drain Int+4}
HPRegen  0.22/turn              N - ring of resist corrosion
MPRegen  0.56/turn              Y - ring of the Death Scarab {rElec rC+++ EV-4 Int-2 Dex-2}

@: studying Necromancy
A: no striking features
}: 3/10 runes: serpentine, barnacled, silver
a: Renounce Religion, Evoke Flight


You were in the Dungeon.
You worshipped Vehumet.
Vehumet was exalted by your worship.
You visited 1 branch You collected 4107 gold pieces.
You spent 3241 gold pieces at shops.

Inventory:

Hand Weapons
 S - the cursed +1 mace of Anxiety {antimagic, rN+}
   (You bought it in a shop in the Dungeon)

   It reduces the magical energy of the wielder, and disrupts the spells and
   magical abilities of those hit.
   Natural abilities and divine invocations are not affected.
   It protects you from negative energy.
   It has a curse placed upon it.
Armour
 a - a +0 robe
 t - a +3 troll leather armour {Snorg}
 w - a +1 robe of resistance
 y - a +2 robe of poison resistance
 B - the cursed +1 ring mail "Ones" (worn) {rElec}
   (You took it off a skeletal warrior in the Dungeon)

   It insulates you from electricity.
   It has a curse placed upon it.
 G - a +2 robe of magic resistance
 I - a +0 pair of gloves (worn)
 Q - the +1 buckler of Fallacy (worn) {+Fly Int+5 Stlth+}
   (You bought it in a shop in the Dungeon)

   It affects your intelligence (+5).
   It lets you fly.
   It makes you more stealthy.
 R - a +1 helmet of see invisible (worn)
Magical Staves
 C - an uncursed staff of fire
 J - an uncursed staff of poison (weapon)
Jewellery
 q - an uncursed amulet of guardian spirit
 x - the amulet of Cucziy (around neck) {RegenMP *Drain Int+4}
   (You took it off a deep elf blademaster in the Dungeon)

   [amulet of magic regeneration]

   It increases your magic regeneration.
   It affects your intelligence (+4).
   It causes draining when unequipped.
 z - a +6 ring of strength
 D - an uncursed ring of fire
 E - an uncursed amulet of regeneration
 N - a ring of resist corrosion (left hand)
 O - an uncursed ring of wizardry
 V - an uncursed ring of poison resistance
 W - a +6 ring of intelligence
 Y - the ring of the Death Scarab (right hand) {rElec rC+++ EV-4 Int-2 Dex-2}
   (You took it off a skeletal warrior in the Dungeon)

   [ring of evasion]

   It affects your evasion (-4).
   It affects your intelligence (-2).
   It affects your dexterity (-2).
   It renders you almost immune to cold.
   It insulates you from electricity.
 Z - an uncursed ring of protection from fire
Wands
 k - a wand of digging (4)
 p - a wand of random effects (19)
 F - a wand of acid (12)
 T - a wand of polymorph (9)
Scrolls
 b - a scroll of enchant weapon
 l - 2 scrolls of remove curse
 v - 3 scrolls of silence
 A - 3 scrolls of amnesia
 L - a scroll of blinking
 P - a scroll of fog
Potions
 c - 8 potions of curing
 d - 2 potions of heal wounds
 e - 4 potions of haste
 f - 5 potions of magic
 g - 2 potions of berserk rage
 h - 2 potions of attraction
 i - 3 potions of flight
 j - 3 potions of lignification
 n - 6 potions of mutation
 o - 2 potions of invisibility
 r - 5 potions of might
 u - 3 potions of brilliance
 M - a potion of cancellation {unknown}
 U - 2 potions of resistance
Books
 m - a manual of Necromancy
Miscellaneous
 s - a phantom mirror
 H - a lightning rod (4/4)
 K - a condenser vane


   Skills:
 - Level 1.2 Fighting
 - Level 12.9 Dodging
 - Level 3.2 Stealth
 - Level 4.0 Shields
 O Level 27 Spellcasting
 - Level 26.5 Conjurations
 + Level 10.3 Necromancy
 O Level 27 Fire Magic
 - Level 2.1 Air Magic
 - Level 1.9 Earth Magic
 - Level 7.8 Poison Magic


You had 3 spell levels left.
You knew the following spells:

 Your Spells              Type           Power        Failure   Level
a - Foxfire               Conj/Fire      ####         0%          1
b - Conjure Flame         Conj/Fire      ########     0%          3
c - Sticky Flame          Conj/Fire      ########     0%          4
d - Fireball              Conj/Fire      ########..   0%          5
e - Ignite Poison         Fire/Tmut/Pois ########     1%          3
f - Olgreb's Toxic Radia  Pois           #######.     1%          4
g - Hailstorm             Conj/Ice       #######.     1%          4
h - Fire Storm            Conj/Fire      ########..   1%          9
i - Lightning Bolt        Conj/Air       #######...   1%          5
j - Ignition              Fire           ########..   1%          8
k - Iron Shot             Conj/Erth      #######...   1%          6
l - Bolt of Magma         Conj/Fire/Erth ########..   1%          5
m - Necromutation         Tmut/Necr      ######....   100%        8

Your spell library contained the following spells:

 Spells                   Type           Power        Failure   Level
 Shatter                  Erth           ######....   100%        9
 Tornado                  Air            ######....   100%        9
 Magic Dart               Conj           ####         0%          1
 Searing Ray              Conj           ######       0%          2
 Animate Skeleton         Necr           ######       1%          1
 Corpse Rot               Necr/Air       N/A          1%          2
 Sublimation of Blood     Necr           #######...   1%          2
 Dazzling Flash           Conj/Hex       ######       1%          3
 Inner Flame              Hex/Fire       #######.     1%          3
 Apportation              Tloc           #####.       2%          1
 Corona                   Hex            #####..      2%          1
 Summon Small Mammal      Summ           ####         2%          1
 Blink                    Tloc           N/A          3%          2
 Ensorcelled Hibernation  Hex/Ice        #####.       3%          2
 Confusing Touch          Hex            #####...     7%          3
 Gell's Gravitas          Tloc           #####.....   7%          3
 Tukima's Dance           Hex            #####...     7%          3
 Fulminant Prism          Conj/Hex       #######...   1%          4
 Iskenderun's Mystic Bla  Conj/Tloc      #######.     1%          4
 Conjure Ball Lightning   Conj/Air       #######...   1%          6
 Borgnjor's Revivificati  Necr           #######...   91%         8
 Infestation              Necr           #######...   91%         8
 Haunt                    Necr/Summ      ######....   93%         7
 Death's Door             Necr           #######...   100%        9


Dungeon Overview and Level Annotations

Branches:
Dungeon (1/1)

Altars:
Cheibriados
Dithmenos
Elyvilon
Fedhas
Gozag
Hepliaklqana
Kikubaaqudgha
Makhleb
Nemelex Xobeh
Okawaru
Qazlal
Ru
Sif Muna
Trog
Uskayaw
Vehumet
Wu Jian
Xom
Yredelemnul
Zin
The Shining One
Beogh
Jiyva
Lugonu

Shops:
D ?(=[?}!([?=[:}(!!=

Annotations:
D Mara


Message History

You close the door.
You start resting.
Casting: Fire Storm (dangerous; 1% risk of failure)
Confirm with . or Enter, or press ? or * to list all spells.
Aiming: Fire Storm (dangerous; 1% risk of failure)
Press: ? - help, Dir - move target A raging storm of fire appears!
The great blast of fire engulfs Mara!!
Mara partially resists.
Mara is almost dead.
The great blast of fire engulfs iamoutofideas's illusion!!!
You kill iamoutofideas's illusion!
The great blast of fire engulfs Mara!!
Mara partially resists.
Mara is almost dead.
Mara is engulfed in blazing flames.
Mara gestures at you.
The bolt of fire hits Mara!
Mara resists.
Mara dies!
The bolt of fire hits you!!!
Ouch! That really hurt!
You die...

#...........###.#.###§§.#.∩∩∩∩.#.
##...........##.#'#.§§§§#..∩∩∩.#)
##########..##.#....§.§#......#.
##...))......##.#.....§.###''###.
#∩....))....###§..§...§§#......#)
#∩.####################§#......##
#∩.......†...##.#.#.#§#§.......#,
##...........##.......§§.......#,
##############.@..............#,
**************###☼##############,
*,≈,,,,≈,*,,,*##.§○##,*≈≈≈≈≈≈##**
*≈,,,,,,≈*,,,##..○R○##+*§v@.≈#.*,
*,,,,,,,,*+**#...☼☼v☼###9..v≈#v*+
*,,,,,,,,+,,,+...○☼v○☼☼....R.).*,
*,,,,,,,,*+**#...v☼☼☼#####.R≈#.*,
*≈,,,,,,≈*≈≈≈##..○☼☼##^^,**,≈#.*,
*,≈,,,,≈,*+*+*##...##*^*,,**+*#*,


You could see Mara and 3 friendly fire vortices.

Vanquished Creatures
  Frederick (D)
  Rupert (D)
  A lich (D)
  A deep elf blademaster (D)
  A quicksilver dragon (D)
  A titan (D)
  Gastronok (D)
  A kraken (D)
  Chuck (D)
  Harold (D)
  4 shadow dragons (D)
  A nagaraja (D)
  A fire giant (D)
  A frost giant (D)
  A ghost moth (shapeshifter) (D)
  A stone giant (D)
  2 vampire knights (D)
  2 deep elf demonologists (D)
  2 dire elephants (D)
  2 deep elf annihilators (D)
  Snorg (D)
  A deep elf death mage (D)
  An ettin (shapeshifter) (D)
  2 yaktaur captains (D)
  A fire dragon (D)
  16 vault guards (D)
  A deep elf high priest (D)
  2 hydras (D)
  A naga warrior (D)
  An anaconda (D)
  2 alligator snapping turtles (D)
  An ogre mage (D)
  3 centaur warriors (D)
  4 dancing weapons (D)
  3 death yaks (D)
  Urug (D)
  5 orc high priests (D)
  3 deep elf knights (D)
  2 skeletal warriors (D)
  An unseen horror (D)
  A death drake (D)
  A spriggan druid (D)
  An obsidian statue (D)
  A lindwurm (D)
  An orange crystal statue (D)
  Joseph (D)
  3 deep elf magi (D)
  7 ugly things (D)
  An orc sorcerer (D)
  4 crystal guardians (D)
  2 elephants (D)
  A guardian serpent (D)
  4 black mambas (D)
  An eye of devastation (shapeshifter) (D)
  A molten gargoyle (D)
  2 cane toads (D)
  A rime drake (D)
  2 yaktaurs (D)
  A komodo dragon (D)
  A queen bee (D)
  3 wandering mushrooms (D)
  4 spriggan defenders (D)
  2 tyrant leeches (D)
  4 statues (D)
  4 snapping turtles (D)
  8 blink frogs (D)
  5 slime creatures (D)
  2 spriggans (D)
  3 redbacks (D)
  A shadow (D)
  A spatial vortex (D)
  2 nagas (D)
  A hydra simulacrum (D)
  4 water moccasins (D)
  A swamp drake (D)
  A fire dragon simulacrum (D)
  3 orc warriors (D)
  A necrophage (D)
  A black mamba simulacrum (D)
  2 centaurs (D)
  A water elemental (D)
  32 killer bees (D)
  An electric eel (D)
  A jelly (D)
  3 orc priests (D)
  2 orc wizards (D)
  Jessica (D)
  A wizard (D)
  A necromancer (D)
  3 humans (D)
  A kobold demonologist (D)
  3 adders (D)
  2 oozes (D)
  A phantom (D)
  8 orcs (D)
  A rat (D)
  8 bushes (D)
  8 butterflies (D)
  A fire vortex (D)
  4 plants (D)
252 creatures vanquished.

Vanquished Creatures (collateral kills)
  A golden dragon (D)
  A death yak (D)
  A ball lightning (D)
  3 butterflies (D)
6 creatures vanquished.

Vanquished Creatures (others)
  6 ball lightnings (D)
  28 fire vortices (D)
  81 foxfires (D)
  2 fungi (D)
  25 plants (D)
142 creatures vanquished.

Grand Total: 400 creatures vanquished

Notes
Turn   | Place    | Note
-------+----------+-------------------------------------------
     0 | D        | iamoutofideas the Deep Elf Fire Elementalist began the
                  | quest for the Orb.
     0 | D        | Reached XP level 1. HP: 10/10 MP: 6/6
    13 | D        | Reached XP level 2. HP: 5/15 MP: 1/8
   213 | D        | Noticed Jessica
   222 | D        | Killed Jessica
   223 | D        | Reached skill level 5 in Spellcasting
   223 | D        | Reached XP level 3. HP: 17/19 MP: 3/11
   294 | D        | Learned a level 3 spell: Conjure Flame
   523 | D        | Noticed a water elemental
   530 | D        | Killed a water elemental
   531 | D        | Reached XP level 4. HP: 4/24 MP: 9/15
   777 | D        | Learned a level 4 spell: Sticky Flame
   779 | D        | Found a basalt altar of Yredelemnul.
   779 | D        | Found a shadowy altar of Dithmenos.
   779 | D        | Found a sacrificial altar of Ru.
   779 | D        | Noticed a necrophage
   786 | D        | Killed a necrophage
   787 | D        | Reached XP level 5. HP: 28/28 MP: 10/18
   935 | D        | Learned a level 5 spell: Fireball
   946 | D        | Found a radiant altar of Vehumet.
   946 | D        | Found a shimmering blue altar of Sif Muna.
   946 | D        | Found an ancient bone altar of Kikubaaqudgha.
   948 | D        | Reached XP level 6. HP: 32/32 MP: 13/20
   956 | D        | Became a worshipper of Vehumet
   995 | D        | Found a glowing silver altar of Zin.
   995 | D        | Found a glowing golden altar of the Shining One.
   995 | D        | Found a white marble altar of Elyvilon.
   996 | D        | Noticed a deep elf mage
   999 | D        | Killed a deep elf mage
  1000 | D        | Reached XP level 7. HP: 32/36 MP: 5/24
  1099 | D        | Found a hide-covered altar of Uskayaw.
  1099 | D        | Found a roughly hewn altar of Beogh.
  1099 | D        | Found an iron altar of Okawaru.
  1099 | D        | Found a bloodstained altar of Trog.
  1099 | D        | Found an ornate altar of the Wu Jian Council.
  1099 | D        | Noticed a human
  1100 | D        | Noticed a human
  1101 | D        | Killed a human
  1102 | D        | Reached skill level 10 in Conjurations
  1102 | D        | Killed a human
  1102 | D        | Reached * piety under Vehumet
  1102 | D        | Offered knowledge of Shock by Vehumet.
  1242 | D        | Noticed a shadow
  1244 | D        | Killed a shadow
  1245 | D        | Reached XP level 8. HP: 41/41 MP: 16/27
  1304 | D        | Found a blossoming altar of Fedhas.
  1304 | D        | Found a stormy altar of Qazlal.
  1304 | D        | Found a snail-covered altar of Cheibriados.
  1304 | D        | Found a burning altar of Makhleb.
  1304 | D        | Found a shimmering altar of Xom.
  1305 | D        | Found a hazy altar of Hepliaklqana.
  1305 | D        | Found an opulent altar of Gozag.
  1305 | D        | Found a sparkling altar of Nemelex Xobeh.
  1305 | D        | Found a corrupted altar of Lugonu.
  1305 | D        | Found a viscous altar of Jiyva.
  1319 | D        | Reached ** piety under Vehumet
  1319 | D        | Offered knowledge of Magic Dart by Vehumet.
  1443 | D        | Noticed Snorg
  1451 | D        | Killed Snorg
  1452 | D        | Reached XP level 9. HP: 45/45 MP: 1/29
  1713 | D        | Noticed a centaur warrior
  1715 | D        | Offered knowledge of Ignite Poison by Vehumet.
  1718 | D        | Killed a centaur warrior
  1718 | D        | Reached *** piety under Vehumet
  1719 | D        | Reached skill level 15 in Spellcasting
  1810 | D        | Learned a level 3 spell: Ignite Poison
  1892 | D        | Noticed an unseen horror
  1897 | D        | Killed an unseen horror
  2044 | D        | Noticed a queen bee
  2047 | D        | Offered knowledge of Fulminant Prism by Vehumet.
  2049 | D        | Reached **** piety under Vehumet
  2049 | D        | Reached ***** piety under Vehumet
  2049 | D        | Reached ****** piety under Vehumet
  2050 | D        | Reached skill level 15 in Fire Magic
  2050 | D        | Reached XP level 10. HP: 13/50 MP: 31/33
  2241 | D        | Offered knowledge of Olgreb's Toxic Radiance by Vehumet.
  2305 | D        | Learned a level 4 spell: Olgreb's Toxic Radiance
  2305 | D        | Offered knowledge of Starburst by Vehumet.
  2472 | D        | Noticed an orc high priest
  2476 | D        | Killed an orc high priest
  2477 | D        | Reached skill level 15 in Conjurations
  2477 | D        | Noticed an orc sorcerer
  2478 | D        | Killed an orc sorcerer
  2478 | D        | Offered knowledge of Hailstorm by Vehumet.
  2479 | D        | Reached skill level 1 in Poison Magic
  2480 | D        | Noticed an orc high priest
  2484 | D        | Noticed a sixfirhy
  2498 | D        | Killed an orc high priest
  2620 | D        | Found Letam's Distillery.
  2677 | D        | Bought a potion of curing for 30 gold pieces
  2677 | D        | Bought a potion of heal wounds for 50 gold pieces
  2677 | D        | Bought a potion of curing for 30 gold pieces
  2677 | D        | Bought a potion of mutation for 80 gold pieces
  2677 | D        | Bought a potion of attraction for 30 gold pieces
  2677 | D        | Bought a potion of lignification for 30 gold pieces
  2677 | D        | Bought a potion of might for 40 gold pieces
  2677 | D        | Bought 2 potions of invisibility for 160 gold pieces
  2677 | D        | Bought a potion of brilliance for 40 gold pieces
  2677 | D        | Bought a potion of brilliance for 40 gold pieces
  2695 | D        | Learned a level 4 spell: Hailstorm
  2696 | D        | Noticed a deep elf knight
  2696 | D        | Noticed a deep elf mage
  2696 | D        | Noticed a deep elf knight
  2696 | D        | Noticed a deep elf mage
  2696 | D        | Noticed a deep elf knight
  2702 | D        | Killed a deep elf mage
  2702 | D        | Killed a deep elf knight
  2703 | D        | Reached XP level 11. HP: 54/54 MP: 30/36
  2707 | D        | Killed a deep elf knight
  2707 | D        | Offered knowledge of Conjure Ball Lightning by Vehumet.
  2707 | D        | Killed a deep elf knight
  2708 | D        | Killed a deep elf mage
  2800 | D        | Learned a level 6 spell: Conjure Ball Lightning
  2802 | D        | Noticed a deep elf annihilator
  2803 | D        | Noticed a deep elf annihilator
  2805 | D        | Noticed a deep elf high priest
  2807 | D        | Noticed a deep elf demonologist
  2810 | D        | Killed a deep elf demonologist
  2811 | D        | Reached skill level 5 in Poison Magic
  2811 | D        | Killed a deep elf high priest
  2812 | D        | Killed a deep elf demonologist
  2812 | D        | Offered knowledge of Lightning Bolt by Vehumet.
  3003 | D        | Learned a level 5 spell: Lightning Bolt
  3012 | D        | Identified the amulet of Cucziy {RegenMP *Drain Int+4}
  3012 | D        | Noticed a deep elf blademaster
  3015 | D        | Killed a deep elf annihilator
  3089 | D        | Identified the +0 troll leather armour of Integrity {Harm
                  | rF+ rC+ Regen+ MP-9}
  3089 | D        | Noticed a deep elf death mage
  3096 | D        | Killed a deep elf annihilator
  3662 | D        | Killed a deep elf death mage
  3774 | D        | Killed a deep elf blademaster
  3775 | D        | Reached XP level 12. HP: 60/60 MP: 1/39
  3804 | D        | Identified the Almanac of the Ghastly Blaze
  3814 | D        | Identified Sif Muna's Papyrus of the Volcanoes and
                  | Displacement
  3874 | D        | Learned a level 8 spell: Ignition
  4016 | D        | Offered knowledge of Iron Shot by Vehumet.
  4254 | D        | Noticed Urug
  4256 | D        | Killed Urug
  4264 | D        | Learned a level 6 spell: Iron Shot
  4275 | D        | Noticed a seven-headed hydra
  4275 | D        | Noticed an eight-headed hydra
  4276 | D        | Killed a seven-headed hydra
  4277 | D        | Killed an eight-headed hydra
  4277 | D        | Offered knowledge of Bolt of Magma by Vehumet.
  4791 | D        | Found a blossoming altar of Fedhas.
  4794 | D        | Reached skill level 1 in Earth Magic
  5160 | D        | Learned a level 5 spell: Bolt of Magma
  5160 | D        | Noticed Harold
  5160 | D        | Noticed Joseph
  5164 | D        | Killed Harold
  5165 | D        | Killed Joseph
  5165 | D        | Offered knowledge of Orb of Destruction by Vehumet.
  5495 | D        | Noticed a dire elephant
  5499 | D        | Reached skill level 5 in Dodging
  5499 | D        | Reached XP level 13. HP: 63/63 MP: 28/43
  5500 | D        | Killed a dire elephant
  5509 | D        | Noticed Gastronok
  5510 | D        | Noticed a dire elephant
  5512 | D        | Killed a dire elephant
  5513 | D        | Killed Gastronok
  5513 | D        | Offered knowledge of Fire Storm by Vehumet.
  5513 | D        | Offered knowledge of Shatter by Vehumet.
  5513 | D        | Offered knowledge of Tornado by Vehumet.
  5662 | D        | Noticed Rupert
  5666 | D        | Killed Rupert
  5714 | D        | Learned a level 9 spell: Fire Storm
  5817 | D        | Noticed an azure jelly
  5817 | D        | Noticed an azure jelly
  5818 | D        | Noticed an azure jelly
  5818 | D        | Noticed an azure jelly
  5831 | D        | Noticed a kraken
  5834 | D        | Killed a kraken
  6014 | D        | Found Buco's Jewellery Shop.
  6014 | D        | Found Oratuin's Antique Weapon Boutique.
  6014 | D        | Found Ychip's Magic Scroll Shoppe.
  6022 | D        | Got a barnacled rune of Zot
  6024 | D        | Bought an uncursed ring of resist corrosion for 260 gold
                  | pieces
  6024 | D        | Bought an uncursed ring of wizardry for 390 gold pieces
  6027 | D        | Bought a scroll of fog for 24 gold pieces
  6027 | D        | Bought a scroll of amnesia for 42 gold pieces
  6027 | D        | Bought a scroll of enchant armour for 90 gold pieces
  6027 | D        | Bought a scroll of identify for 24 gold pieces
  6028 | D        | Bought a transparent mace for 232 gold pieces
  6028 | D        | Identified the cursed +1 mace of Anxiety {antimagic, rN+}
                  | (You bought it in a shop in the Dungeon)
  6129 | D        | Reached skill level 27 in Spellcasting
  6406 | D        | Reached skill level 10 in Dodging
  6494 | D        | Noticed a nagaraja
  6499 | D        | Killed a nagaraja
  6500 | D        | Reached skill level 1 in Fighting
  6501 | D        | Found Sumiam's Antique Armour Shop.
  6501 | D        | Found Ogorunul's Magic Scroll Shoppe.
  6505 | D        | Found Oriniss's Gadget Boutique.
  6509 | D        | Bought a masterwork buckler for 199 gold pieces
  6509 | D        | Bought a shiny helmet for 157 gold pieces
  6517 | D        | Bought a scroll of magic mapping for 49 gold pieces
  6535 | D        | Identified the +1 buckler of Fallacy {+Fly Int+5 Stlth+}
                  | (You bought it in a shop in the Dungeon)
  6543 | D        | Reached skill level 1 in Shields
  6581 | D        | Got a serpentine rune of Zot
  6757 | D        | Reached XP level 14. HP: 64/69 MP: 31/47
  7199 | D        | Found Ejoura's Antique Armour Emporium.
  7199 | D        | Found Egot's Gadget Shop.
  7199 | D        | Found Jiolabb's Jewellery Shoppe.
  7199 | D        | Found Taircho's Jewellery Boutique.
  7199 | D        | Found Saulituc's Book Emporium.
  7199 | D        | Found Gauleeps's Magic Scroll Shoppe.
  7199 | D        | Found Luecy's Distillery.
  7199 | D        | Found Gotrirynt's Armour Shop.
  7199 | D        | Found Hiucesm's Distillery.
  7199 | D        | Found Joqistru's Antique Weapon Emporium.
  7199 | D        | Found Bugaef's Antique Weapon Boutique.
  7328 | D        | Bought a scroll of blinking for 90 gold pieces
  7474 | D        | Reached skill level 1 in Air Magic
  7792 | D        | Noticed Chuck
  7793 | D        | Killed Chuck
  7797 | D        | Noticed Frederick
  7799 | D        | Killed Frederick
  7994 | D        | Noticed a lich
  7996 | D        | Killed a lich
  8001 | D        | Noticed a shadow dragon
  8003 | D        | Noticed a ghost moth
  8003 | D        | a boulder beetle changed into a ghost moth
  8006 | D        | Killed a ghost moth
  8006 | D        | Killed a shadow dragon
  8008 | D        | Noticed a shadow dragon
  8010 | D        | Killed a shadow dragon
  8116 | D        | Noticed a quicksilver dragon
  8119 | D        | Killed a quicksilver dragon
  8179 | D        | Noticed a shadow dragon
  8185 | D        | Killed a shadow dragon
  8186 | D        | Reached XP level 15. HP: 63/73 MP: 27/48
  8267 | D        | Identified the cursed +1 ring mail "Ones" {rElec}
  8639 | D        | Noticed a fire giant
  8642 | D        | Noticed a frost giant
  8645 | D        | Killed a fire giant
  8647 | D        | Killed a frost giant
  9084 | D        | Noticed a golden dragon
  9086 | D        | Killed a golden dragon
  9238 | D        | Reached skill level 27 in Fire Magic
  9299 | D        | Got a crude tin ring
  9309 | D        | Acquired 829 gold pieces
  9331 | D        | Identified the cursed ring of the Death Scarab {rElec rC+++
                  | EV-4 Int-2 Dex-2} (You took it off a skeletal warrior in
                  | the Dungeon)
  9346 | D        | Noticed a shadow dragon
  9349 | D        | Killed a shadow dragon
  9408 | D        | Noticed a titan
  9413 | D        | Killed a titan
  9436 | D        | Got a silver rune of Zot
  9457 | D        | Learned a level 8 spell: Necromutation
  9659 | D        | Bought a +0 pair of gloves for 63 gold pieces
  9667 | D        | Bought a scroll of blinking for 90 gold pieces
  9674 | D        | Bought a potion of haste for 110 gold pieces
  9674 | D        | Bought a potion of lignification for 33 gold pieces
  9674 | D        | Bought a potion of haste for 110 gold pieces
  9674 | D        | Bought 2 potions of heal wounds for 110 gold pieces
  9674 | D        | Bought 2 potions of resistance for 220 gold pieces
  9674 | D        | Bought a potion of magic for 88 gold pieces
  9674 | D        | Bought a potion of curing for 33 gold pieces
  9674 | D        | Bought a potion of curing for 33 gold pieces
  9675 | D        | Bought a potion of curing for 36 gold pieces
  9675 | D        | Bought a potion of curing for 36 gold pieces
  9675 | D        | Bought a potion of curing for 36 gold pieces
  9675 | D        | Bought a potion of haste for 120 gold pieces
  9675 | D        | Bought a potion of lignification for 36 gold pieces
  9712 | D        | Noticed Mara
  9713 | D        | Noticed iamoutofideas's illusion
  9718 | D        | Noticed iamoutofideas's illusion
  9721 | D        | Reached skill level 10 in Necromancy
  9730 | D        | Killed from afar by Mara

Illustrated notes

Levels and vault maps discovered:
D:        dungeon_sprint_mu [sprint_mu_entry_forest, sprint_mu_temple_rooms,
          sprint_mu_d1_horrors, sprint_mu_d2_genie, sprint_mu_d3_branching,
          sprint_mu_orc_legion, sprint_mu_elf_gauntlet, sprint_mu_hive_nellie,
          sprint_mu_lair_fedhas, sprint_mu_vaults_butterflies,
          sprint_mu_slime_circle, sprint_mu_shoals_kraken,
          sprint_mu_snake_twists, sprint_mu_blade_basic, sprint_mu_crypt_lich,
          sprint_mu_tomb_spiral, sprint_mu_vestibule_basic,
          sprint_mu_gehenna_hellfire, sprint_mu_dis_giant,
          sprint_mu_tartarus_statrot, sprint_mu_cocytus_islands, sprint_mu_zot1]

Skill      XL: |  1  2  3  4  5  6  7  8  9 10 11 12 13 14 15 |
---------------+----------------------------------------------+-----
Fire Magic     | 4 6 7 8 9 11 12 13 15 16 18 19 21 25 27 | 27.0
Dodging        | 3 4 5 11 12 | 12.9
Stealth        | 3 |  3.2
Spellcasting   | 5 7 8 9 12 13 14 17 19 21 24 27 | 27.0
Conjurations   | 4 6 7 9 10 12 14 15 17 18 19 23 26 | 26.5
Poison Magic   | 2 7 |  7.8
Earth Magic    | 1 |  1.9
Fighting       | 1 |  1.2
Shields        | 4 |  4.0
Air Magic      | 2 |  2.1
Necromancy     | 10 | 10.3

Action                   |  1- 3 |  4- 6 |  7- 9 | 10-12 | 13-15 || total
-------------------------+-------+-------+-------+-------+-------++-------
Melee: Long sword        |       |       |     3 |     2 |       ||     5
       Staff             |       |       |       |     2 |     1 ||     3
 Cast: Foxfire           |    32 |     9 |    10 |     2 |     1 ||    54
       Fireball          |       |     4 |    20 |    78 |    14 ||   116
       Sticky Flame      |       |       |     5 |     4 |       ||     9
       Conjure Flame     |       |       |     1 |       |       ||     1
       Olgreb's Toxic Ra |       |       |       |     8 |     3 ||    11
       Conjure Ball Ligh |       |       |       |     3 |       ||     3
       Ignition          |       |       |       |    11 |    11 ||    22
       Iron Shot         |       |       |       |     3 |    46 ||    49
       Lightning Bolt    |       |       |       |     2 |     8 ||    10
       Bolt of Magma     |       |       |       |     1 |     7 ||     8
       Fire Storm        |       |       |       |       |    77 ||    77
  Use: Scroll            |       |     3 |     2 |     3 |     7 ||    15
       Potion            |       |       |     2 |     4 |     2 ||     8
Armor: Robe              |       |     2 |       |       |     3 ||     5
       Troll leather arm |       |       |     3 |     1 |       ||     4
Dodge: Dodged            |     2 |     2 |     5 |    16 |    23 ||    48
Block: Buckler           |       |       |       |       |     6 ||     6
       Rpst.: Long sword |       |       |     2 |       |       ||     2

Table legend: (Time is in decaauts)
 A = Elapsed time spent in this place.
 B = Non-inter-level travel time spent in this place.
 C = Inter-level travel time spent in this place.
 D = Time resting spent in this place.
 E = Time spent auto-exploring this place.
 F = Levels seen in this place.
 G = Mean time per level.
                   A        B        C        D        E       F      G
               +--------+--------+--------+--------+--------+-----+--------+
         Total |   9799 |   9184 |    615 |   6916 |     16 |   1 | 9799.0 |
       Dungeon |   9799 |   9184 |    615 |   6916 |     16 |   1 | 9799.0 |
               +--------+--------+--------+--------+--------+-----+--------+

Top non-repeatable levels by time:
       D: 9799 daAuts
